Penguins vs Flames

Created - December-10-14 at 17:01

Goals
1 2 3 T
Penguins 2 5 0 7
Flames 4 0 1 5
Shots
1 2 3 T
Penguins 10 21 16 47
Flames 9 5 10 24

1st period

1. Flames , Anze Kopitar 14 (Mike Cammalleri, Dustin Brown) at 3:01
2. Flames , Justin Faulk 6 (Tomas Kopecky, Ryan Kesler) at 5:11
3. Penguins , Michael Grabner 9 (Ryan Suter, Mark Giordano) at 6:25
4. Flames , Mike Cammalleri 11 (Justin Faulk, Anze Kopitar) at 6:31
5. Flames , Mike Cammalleri 12 (Erik Johnson, Jack Johnson) at 11:33
6. Penguins , David Perron 12 (Ryan Getzlaf, Jeff Carter) at 13:16

Penalties :
Jeff Carter (PIT) for Interference (Minor) at 7:06, Dustin Brown (CGY) for Diving (Minor) at 9:08

2nd period

7. Penguins , Tomas Hertl 7 (Brendan Gallagher, Brandon Gormley) at 3:24
8. Penguins , Jeff Carter 12 (Ryan Getzlaf) at 8:15 (PP)
9. Penguins , Jacob Trouba 6 (John Tavares, Gabriel Landeskog) at 10:41 (PP)
10. Penguins , Gabriel Landeskog 11 (Jacob Trouba, Pierre-Alexandr Parenteau) at 11:38 (PP)
11. Penguins , Brandon Saad 9 (Tomas Hertl, Brendan Gallagher) at 14:45

Penalties :
Gabriel Landeskog (PIT) for Hooking (Minor) at 4:19, Dustin Brown (CGY) for Unsportsmanlike conduct (Major / Game Misconduct) at 7:07

3rd period

12. Flames , Mike Cammalleri 13 (Jack Johnson) at 18:29 (SH)

Penalties :
Mark Giordano (PIT) for Interference (Minor) at 1:33, Michael Grabner (PIT) for Kneeing (Major) at 4:06, Mike Cammalleri (CGY) for Holding (Minor) at 11:39, Jack Johnson (CGY) for Hooking (Minor) at 14:31, Erik Johnson (CGY) for Interference (Minor) at 17:26

Goalie Stats

Darcy Kuemper (PIT), 15 saves from 16 shots - (0.938), W, 5-1-0, 48:27 minutes
Marc-Andre Fleury (PIT), 4 saves from 8 shots - (0.500), 11:33 minutes
Evgeni Nabokov (CGY), 24 saves from 25 shots - (0.960), 28:22 minutes
Jonathan Quick (CGY), 16 saves from 22 shots - (0.727), L, 13-7-0, 31:38 minutes

Players Stats for Penguins

Player Name              G  A  P  +/- PIM S  H  SB GA TA FO     MP     PP MP  PK MP  
------------------------------------------------------------------------------------
Brandon Gormley          0  1  1   0  0   1  0  0  0  0  0/0     9:36   0:00   0:47 
Brandon Saad             1  0  1   1  0   2  1  0  0  0  1/2    13:29   0:00   5:32 
Brendan Gallagher        0  2  2   1  0   3  1  0  0  0  0/0     7:57   0:00   0:00 
David Perron             1  0  1   0  0   5  0  0  0  0  3/3    19:22   7:00   1:05 
Ed Jovanovski            0  0  0   1  0   0  2  1  0  0  0/0     8:35   0:00   0:16 
Gabriel Landeskog        1  1  2  -2  2   5  6  0  0  0  0/0    23:21   5:55   4:19 
Jacob Trouba             1  1  2  -1  0   5  0  1  0  0  0/0    22:29   5:26   5:21 
Jeff Carter              1  1  2   0  2   3  1  0  0  0  3/3    18:16   7:00   0:00 
John Tavares             0  1  1  -2  0   2  0  1  0  0  17/40  24:37   5:55   5:34 
Mark Giordano            0  1  1   0  2   4  3  4  0  0  0/0    27:54   7:29   4:48 
Michael Grabner          1  0  1   0  5   1  0  0  0  0  2/3     3:46   0:00   0:00 
Pierre-Alexandr Parentea 0  1  1  -2  0   3  0  0  0  0  1/3    19:03   5:55   0:00 
Ryan Getzlaf             0  2  2   0  0   4  0  1  0  0  19/32  26:05   7:00   4:01 
Ryan Suter               0  1  1   0  0   3  0  4  0  0  0/0    27:52   7:29   5:19 
Seth Jones               0  0  0   0  0   0  0  0  0  0  0/0     0:16   0:00   0:16 
Stephane Robidas         0  0  0  -2  0   2  2  1  0  0  0/0    23:17   5:26   5:05 
Teemu Selanne            0  0  0   0  0   0  0  0  0  0  0/1     3:47   0:00   0:00 
Tomas Hertl              1  1  2   1  0   4  0  0  0  0  1/9     9:18   0:00   1:21 

Players Stats for Flames

Player Name              G  A  P  +/- PIM S  H  SB GA TA FO     MP     PP MP  PK MP  
------------------------------------------------------------------------------------
Andrew MacDonald         0  0  0   2  0   0  0  1  0  0  0/0    12:39   0:00   2:02 
Anze Kopitar             1  1  2   3  0   5  0  0  0  0  23/43  25:06   5:54   6:53 
Barret Jackman           0  0  0  -1  0   0  1  0  0  0  0/0     1:30   0:00   0:00 
Brett Bulmer             0  0  0   0  0   0  0  0  0  0  1/1     9:31   1:36   0:00 
Drew Shore               0  0  0  -1  0   0  2  0  0  0  0/1     7:59   2:26   0:00 
Dustin Brown             0  1  1   3  17  0  1  0  0  0  1/3     9:22   1:52   0:00 
Erik Johnson             0  1  1   0  2   1  1  1  0  0  0/0    25:08   5:19   5:11 
Jack Johnson             0  2  2   2  2   1  2  2  0  0  0/0    23:46   5:19   5:19 
Jared Spurgeon           0  0  0  -1  0   2  3  2  0  0  0/0    23:01   5:37   6:31 
Justin Faulk             1  1  2  -1  0   3  2  0  0  0  0/0    23:01   5:37   6:31 
Kyle Clifford            0  0  0  -1  0   0  1  0  0  0  2/2    13:12   0:23   1:02 
Ladislav Smid            0  0  0   1  0   0  1  0  0  0  0/0    10:53   0:00   0:16 
Michael Bournival        0  0  0  -1  0   0  0  0  0  0  0/0    12:03   0:00   0:00 
Mike Cammalleri          3  1  4   3  2   6  0  1  0  0  1/2    24:03   5:54   5:51 
Patrik Elias             0  0  0  -1  0   3  0  0  0  0  9/19   21:58   4:39   6:02 
Ryan Kesler              0  1  1  -1  0   2  0  0  0  0  12/24  22:51   5:02   6:02 
Stephane Da Costa        0  0  0  -1  0   0  0  0  0  0  0/0     4:08   0:00   0:00 
Tomas Kopecky            0  1  1  -1  0   1  0  0  0  0  0/1    16:49   5:02   0:00 

3 Stars

1 - Mike Cammalleri (CGY)
2 - Anze Kopitar (CGY)
3 - Tomas Hertl (PIT)

Power Play

Penguins - 3 on 8 Attempt(s) - 37.50%
Flames - 0 on 4 Attempt(s) - 0.00%

Penalty Kill

Penguins - 4 on 4 Attempt(s) - 100.00% - Score 0 goal in Penalty Kill
Flames - 5 on 8 Attempt(s) - 62.50% - Score 1 goal in Penalty Kill

Official

Referees : Francis Charron and Brian Pochmara
Linesman : Derek Nansen and Bryan Pancich

Game Notes

Darcy Kuemper enters game at 11:33 of 1st period
Dustin Brown ejected from game at 7:07 of 2nd period
Evgeni Nabokov enters game at 11:38 of 2nd period
Mike Cammalleri has scored a Hat Trick!

Finance

Level 1 -- Attendance: 4796 (73.78%) -- Ticket Income $527,560
Level 2 -- Attendance: 5000 (100.00%) -- Ticket Income $375,000
Level 3 -- Attendance: 2648 (75.66%) -- Ticket Income $158,880
Level 4 -- Attendance: 2501 (76.04%) -- Ticket Income $100,040
Luxury Box -- Attendance: 891 (89.10%) -- Ticket Income $178,200
Game was played at the Scotiabank Saddledome
Total Attendance: 15836 (82.10%)
Total Ticket Income: $1,339,680
Other Income: $200,952
Total Income: $1,540,632

% Time on Ice - Penguins

Lines # - Real PCT - Wanted PCT - Time Play
Normal Forward
1 - 31% - 34% - 11:17
2 - 36% - 34% - 13:08
3 - 22% - 23% - 7:57
4 - 10% - 9% - 3:47
Normal Defense
1 - 43% - 40% - 15:38
2 - 32% - 35% - 11:42
3 - 23% - 20% - 8:19
4 - 1% - 5% - 0:30
PP Forward
1 - 54% - 55% - 7:00
2 - 46% - 45% - 5:55
PP Defense
1 - 58% - 75% - 7:29
2 - 42% - 25% - 5:26
PK Forward
1 - 63% - 55% - 6:55
2 - 37% - 45% - 4:01
PK Defense
1 - 54% - 70% - 5:51
2 - 46% - 30% - 5:05
PK3 Forward
1 - 0% - 55%
2 - 0% - 45%
PK3 Defense
1 - 0% - 55%
2 - 0% - 45%
44 Forward
1 - 0% - 55%
2 - 0% - 45%
44 Defense
1 - 0% - 55%
2 - 0% - 45%
Last Minute Offensive  - 0:00
Last Minute Defensive  - 0:00
Total
Forward - 60:00
Defense - 60:00

% Time on Ice - Flames

Lines # - Real PCT - Wanted PCT - Time Play
Normal Forward
1 - 34% - 40% - 12:19
2 - 33% - 30% - 11:47
3 - 22% - 20% - 7:55
4 - 11% - 10% - 4:08
Normal Defense
1 - 36% - 40% - 13:09
2 - 30% - 30% - 10:53
3 - 29% - 20% - 10:37
4 - 4% - 10% - 1:30
PP Forward
1 - 54% - 50% - 5:54
2 - 46% - 50% - 5:02
PP Defense
1 - 49% - 50% - 5:19
2 - 51% - 50% - 5:37
PK Forward
1 - 53% - 50% - 6:53
2 - 47% - 50% - 6:02
PK Defense
1 - 50% - 50% - 6:24
2 - 50% - 50% - 6:31
PK3 Forward
1 - 0% - 50%
2 - 0% - 50%
PK3 Defense
1 - 0% - 50%
2 - 0% - 50%
44 Forward
1 - 0% - 50%
2 - 0% - 50%
44 Defense
1 - 0% - 50%
2 - 0% - 50%
Last Minute Offensive  - 0:00
Last Minute Defensive  - 0:00
Total
Forward - 60:00
Defense - 60:00

Play by Play

1st period


0:01 of 1st period - Anze Kopitar wins face-off versus Ryan Getzlaf in neutral zone.
0:16 of 1st period - Shot by Mike Cammalleri.
0:16 of 1st period - Shot Misses the Net.
1:06 of 1st period - Ryan Suter is hit by Justin Faulk and loses puck.
1:10 of 1st period - Icing by Justin Faulk.
1:11 of 1st period - Ryan Kesler wins face-off versus John Tavares in Flames zone.
1:11 of 1st period - Justin Faulk is hit by Gabriel Landeskog and loses puck.
1:18 of 1st period - Shot by Justin Faulk.
1:18 of 1st period - Stopped by Marc-Andre Fleury without a rebound.
1:19 of 1st period - John Tavares wins face-off versus Patrik Elias in Penguins zone.
1:44 of 1st period - Shot by Patrik Elias.
1:44 of 1st period - Stopped by Marc-Andre Fleury without a rebound.
1:45 of 1st period - Ryan Kesler wins face-off versus Brandon Saad in Penguins zone.
1:55 of 1st period - Justin Faulk is hit by Ed Jovanovski and loses puck.
2:22 of 1st period - Brendan Gallagher is hit by Jared Spurgeon and loses puck.
2:43 of 1st period - Off-side.
2:44 of 1st period - John Tavares wins face-off versus Patrik Elias in neutral zone.
2:53 of 1st period - Shot by Jacob Trouba.
2:53 of 1st period - Stopped by Jonathan Quick without a rebound.
2:54 of 1st period - Dustin Brown wins face-off versus Michael Grabner in Flames zone.
2:59 of 1st period - Shot by Anze Kopitar.
2:59 of 1st period - Shot Misses the Net.
3:01 of 1st period - Shot by Anze Kopitar.
3:01 of 1st period - Goal by Anze Kopitar - Penguins : 0 - Flames : 1.
3:02 of 1st period - Patrik Elias wins face-off versus Pierre-Alexandr Parenteau in neutral zone.
3:04 of 1st period - Off-side.
3:05 of 1st period - John Tavares wins face-off versus Patrik Elias in neutral zone.
4:45 of 1st period - Shot by Anze Kopitar.
4:45 of 1st period - Shot Blocked by Mark Giordano.
4:52 of 1st period - Icing by Mark Giordano.
4:53 of 1st period - Ryan Getzlaf wins face-off versus Ryan Kesler in Penguins zone.
4:53 of 1st period - Ryan Getzlaf is hit by Kyle Clifford.
5:09 of 1st period - Shot by Ryan Kesler.
5:09 of 1st period - Deflect By Tomas Kopecky.
5:09 of 1st period - Shot Blocked by Ryan Suter.
5:11 of 1st period - Shot by Justin Faulk.
5:11 of 1st period - Goal by Justin Faulk - Penguins : 0 - Flames : 2.
5:12 of 1st period - Patrik Elias wins face-off versus Tomas Hertl in neutral zone.
5:35 of 1st period - Icing by Erik Johnson.
5:36 of 1st period - Patrik Elias wins face-off versus John Tavares in Flames zone.
5:36 of 1st period - Patrik Elias is hit by Gabriel Landeskog.
5:41 of 1st period - Icing by Patrik Elias.
5:42 of 1st period - Michael Grabner wins face-off versus Patrik Elias in Flames zone.
5:46 of 1st period - Ryan Getzlaf is hit by Barret Jackman and loses puck.
5:49 of 1st period - Shot by Michael Grabner.
5:49 of 1st period - Shot Misses the Net.
6:25 of 1st period - Shot by Michael Grabner.
6:25 of 1st period - Goal by Michael Grabner - Penguins : 1 - Flames : 2.
6:26 of 1st period - Anze Kopitar wins face-off versus John Tavares in neutral zone.
6:31 of 1st period - Shot by Mike Cammalleri.
6:31 of 1st period - Goal by Mike Cammalleri - Penguins : 1 - Flames : 3.
6:32 of 1st period - Anze Kopitar wins face-off versus Tomas Hertl in neutral zone.
6:51 of 1st period - Shot by Justin Faulk.
6:51 of 1st period - Shot Misses the Net.
6:55 of 1st period - Shot by Anze Kopitar.
6:55 of 1st period - Stopped by Marc-Andre Fleury without a rebound.
6:56 of 1st period - Ryan Getzlaf wins face-off versus Ryan Kesler in Penguins zone.
7:06 of 1st period - Minor Penalty to Jeff Carter for Interference.
7:07 of 1st period - John Tavares wins face-off versus Anze Kopitar in Penguins zone.
7:07 of 1st period - John Tavares is hit by Dustin Brown.
7:20 of 1st period - Mike Cammalleri is hit by Mark Giordano and loses puck.
8:31 of 1st period - Shot by Ryan Kesler.
8:31 of 1st period - Stopped by Marc-Andre Fleury without a rebound.
8:32 of 1st period - Ryan Getzlaf wins face-off versus Ryan Kesler in Penguins zone.
8:45 of 1st period - Shot by Patrik Elias.
8:45 of 1st period - Shot Misses the Net.
9:08 of 1st period - Minor Penalty to Dustin Brown for Diving.
9:09 of 1st period - Ryan Getzlaf wins face-off versus Anze Kopitar in Flames zone.
9:14 of 1st period - Shot by Ryan Suter.
9:14 of 1st period - Shot Misses the Net.
9:16 of 1st period - Shot by Mark Giordano.
9:16 of 1st period - Stopped by Jonathan Quick without a rebound.
9:17 of 1st period - David Perron wins face-off versus Anze Kopitar in Flames zone.
9:25 of 1st period - Off-side.
9:26 of 1st period - Anze Kopitar wins face-off versus John Tavares in neutral zone.
9:32 of 1st period - Icing by Mark Giordano.
9:33 of 1st period - John Tavares wins face-off versus Patrik Elias in Penguins zone.
9:38 of 1st period - Ryan Kesler is hit by Gabriel Landeskog and loses puck.
10:39 of 1st period - Shot by David Perron.
10:39 of 1st period - Shot Misses the Net.
10:41 of 1st period - Shot by Ryan Getzlaf.
10:41 of 1st period - Stopped by Jonathan Quick without a rebound.
10:42 of 1st period - Anze Kopitar wins face-off versus Ryan Getzlaf in Flames zone.
11:27 of 1st period - Icing by Tomas Hertl.
11:28 of 1st period - Anze Kopitar wins face-off versus Tomas Hertl in Penguins zone.
11:33 of 1st period - Shot by Mike Cammalleri.
11:33 of 1st period - Goal by Mike Cammalleri - Penguins : 1 - Flames : 4.
11:33 of 1st period - Darcy Kuemper enters game.
11:34 of 1st period - Anze Kopitar wins face-off versus John Tavares in neutral zone.
13:09 of 1st period - Ryan Getzlaf is hit by Jared Spurgeon and loses puck.
13:16 of 1st period - Shot by Ryan Getzlaf.
13:16 of 1st period - Deflect By David Perron.
13:16 of 1st period - Goal by David Perron - Penguins : 2 - Flames : 4.
13:17 of 1st period - Patrik Elias wins face-off versus Tomas Hertl in neutral zone.
13:56 of 1st period - Shot by Tomas Hertl.
13:56 of 1st period - Stopped by Jonathan Quick with a rebound.
14:16 of 1st period - Shot by Ryan Getzlaf.
14:16 of 1st period - Deflect By Teemu Selanne.
14:16 of 1st period - Shot Blocked by Andrew MacDonald.
14:26 of 1st period - Shot by Michael Grabner.
14:26 of 1st period - Shot Misses the Net.
15:11 of 1st period - Icing by Ladislav Smid.
15:12 of 1st period - Brett Bulmer wins face-off versus John Tavares in Flames zone.
15:16 of 1st period - Andrew MacDonald is hit by Stephane Robidas and loses puck.
15:30 of 1st period - Gabriel Landeskog is hit by Ladislav Smid and loses puck.
15:33 of 1st period - Shot by Pierre-Alexandr Parenteau.
15:33 of 1st period - Stopped by Jonathan Quick without a rebound.
15:34 of 1st period - Tomas Hertl wins face-off versus Anze Kopitar in Flames zone.
15:39 of 1st period - Shot by Brendan Gallagher.
15:39 of 1st period - Stopped by Jonathan Quick with a rebound.
15:58 of 1st period - Shot by Brendan Gallagher.
15:58 of 1st period - Deflect By Brandon Saad.
15:58 of 1st period - Shot Misses the Net.
16:00 of 1st period - Shot by Brandon Gormley.
16:00 of 1st period - Stopped by Jonathan Quick without a rebound.
16:01 of 1st period - John Tavares wins face-off versus Ryan Kesler in Flames zone.
16:26 of 1st period - Shot by Jared Spurgeon.
16:26 of 1st period - Shot Misses the Net.
16:28 of 1st period - Shot by Justin Faulk.
16:28 of 1st period - Shot Misses the Net.
16:30 of 1st period - Shot by Jared Spurgeon.
16:30 of 1st period - Shot Misses the Net.
16:57 of 1st period - Off-side.
16:58 of 1st period - David Perron wins face-off versus Anze Kopitar in neutral zone.
17:00 of 1st period - Off-side.
17:01 of 1st period - Ryan Getzlaf wins face-off versus Dustin Brown in neutral zone.
18:16 of 1st period - Ryan Kesler is hit by Brandon Saad and loses puck.
18:51 of 1st period - Shot by Brandon Saad.
18:51 of 1st period - Stopped by Jonathan Quick without a rebound.
18:52 of 1st period - John Tavares wins face-off versus Patrik Elias in Flames zone.
19:33 of 1st period - Off-side.
19:34 of 1st period - Anze Kopitar wins face-off versus Teemu Selanne in neutral zone.
19:41 of 1st period - Shot by Mike Cammalleri.
19:41 of 1st period - Stopped by Darcy Kuemper with a rebound.
19:43 of 1st period - Shot by Anze Kopitar.
19:43 of 1st period - Deflect By Mike Cammalleri.
19:43 of 1st period - Shot Blocked by Mark Giordano.
19:45 of 1st period - Shot by Erik Johnson.
19:45 of 1st period - Shot Hit the Post.
19:47 of 1st period - Shot by Jack Johnson.
19:47 of 1st period - Shot Blocked by Ryan Suter.
19:49 of 1st period - Shot by Erik Johnson.
19:49 of 1st period - Shot Blocked by Mark Giordano.
19:53 of 1st period - Shot by Mike Cammalleri.
19:53 of 1st period - Shot Misses the Net.
19:58 of 1st period - Icing by Mark Giordano.
19:59 of 1st period - Michael Grabner wins face-off versus Ryan Kesler in Penguins zone.
Goals for this period are 2 for Penguins vs 4 for Flames.
Shots for this period are 10 for Penguins vs 9 for Flames.

2nd period


0:01 of 2nd period - Ryan Getzlaf wins face-off versus Anze Kopitar in neutral zone.
0:03 of 2nd period - Off-side.
0:04 of 2nd period - Mike Cammalleri wins face-off versus Ryan Getzlaf in neutral zone.
0:09 of 2nd period - Shot by Anze Kopitar.
0:09 of 2nd period - Stopped by Darcy Kuemper without a rebound.
0:10 of 2nd period - Jeff Carter wins face-off versus Dustin Brown in Penguins zone.
0:34 of 2nd period - Shot by Ryan Getzlaf.
0:34 of 2nd period - Shot Blocked by Erik Johnson.
0:36 of 2nd period - Shot by Jacob Trouba.
0:36 of 2nd period - Stopped by Jonathan Quick without a rebound.
0:37 of 2nd period - Ryan Kesler wins face-off versus John Tavares in Flames zone.
1:00 of 2nd period - Shot by Jared Spurgeon.
1:00 of 2nd period - Stopped by Darcy Kuemper without a rebound.
1:01 of 2nd period - Ryan Getzlaf wins face-off versus Anze Kopitar in Penguins zone.
1:12 of 2nd period - Shot by Ryan Getzlaf.
1:12 of 2nd period - Shot Blocked by Jack Johnson.
2:37 of 2nd period - Shot by Mark Giordano.
2:37 of 2nd period - Shot Misses the Net.
2:41 of 2nd period - Shot by John Tavares.
2:41 of 2nd period - Shot Hit the Post.
2:43 of 2nd period - Shot by Gabriel Landeskog.
2:43 of 2nd period - Stopped by Jonathan Quick without a rebound.
2:44 of 2nd period - Patrik Elias wins face-off versus Tomas Hertl in Flames zone.
3:06 of 2nd period - Icing by Brendan Gallagher.
3:07 of 2nd period - Ryan Kesler wins face-off versus Tomas Hertl in Penguins zone.
3:24 of 2nd period - Shot by Tomas Hertl.
3:24 of 2nd period - Goal by Tomas Hertl - Penguins : 3 - Flames : 4.
3:25 of 2nd period - Jeff Carter wins face-off versus Patrik Elias in neutral zone.
3:28 of 2nd period - Shot by Ryan Getzlaf.
3:28 of 2nd period - Shot Misses the Net.
4:10 of 2nd period - Icing by Ladislav Smid.
4:11 of 2nd period - John Tavares wins face-off versus Patrik Elias in Flames zone.
4:19 of 2nd period - Minor Penalty to Gabriel Landeskog for Hooking.
4:20 of 2nd period - Anze Kopitar wins face-off versus John Tavares in Penguins zone.
4:25 of 2nd period - Shot by Jared Spurgeon.
4:25 of 2nd period - Stopped by Darcy Kuemper without a rebound.
4:26 of 2nd period - Anze Kopitar wins face-off versus John Tavares in Penguins zone.
4:29 of 2nd period - Shot by Justin Faulk.
4:29 of 2nd period - Stopped by Darcy Kuemper without a rebound.
4:30 of 2nd period - Anze Kopitar wins face-off versus John Tavares in Penguins zone.
4:30 of 2nd period - Anze Kopitar is hit by Mark Giordano.
5:16 of 2nd period - Shot by Anze Kopitar.
5:16 of 2nd period - Shot Blocked by Ryan Suter.
6:44 of 2nd period - Shot by Stephane Da Costa.
6:44 of 2nd period - Shot Misses the Net.
7:07 of 2nd period - Major / Game Misconduct Penalty to Dustin Brown for Unsportsmanlike conduct.
7:07 of 2nd period - Dustin Brown is ejected from game.
7:08 of 2nd period - John Tavares wins face-off versus Anze Kopitar in Flames zone.
8:11 of 2nd period - Shot by Jeff Carter.
8:11 of 2nd period - Shot Misses the Net.
8:13 of 2nd period - Shot by Jeff Carter.
8:13 of 2nd period - Shot Misses the Net.
8:15 of 2nd period - Shot by Jeff Carter.
8:15 of 2nd period - Goal by Jeff Carter - Penguins : 4 - Flames : 4.
8:16 of 2nd period - Ryan Getzlaf wins face-off versus Anze Kopitar in neutral zone.
8:33 of 2nd period - Shot by Stephane Robidas.
8:33 of 2nd period - Stopped by Jonathan Quick without a rebound.
8:34 of 2nd period - Ryan Kesler wins face-off versus John Tavares in Flames zone.
9:07 of 2nd period - Shot by Pierre-Alexandr Parenteau.
9:07 of 2nd period - Shot Hit the Post.
9:41 of 2nd period - Icing by Stephane Robidas.
9:42 of 2nd period - Ryan Getzlaf wins face-off versus Anze Kopitar in Penguins zone.
9:47 of 2nd period - Shot by David Perron.
9:47 of 2nd period - Shot Misses the Net.
9:49 of 2nd period - Shot by Stephane Robidas.
9:49 of 2nd period - Stopped by Jonathan Quick with a rebound.
10:01 of 2nd period - Shot by Ryan Getzlaf.
10:01 of 2nd period - Shot Misses the Net.
10:03 of 2nd period - Shot by David Perron.
10:03 of 2nd period - Stopped by Jonathan Quick without a rebound.
10:04 of 2nd period - Ryan Getzlaf wins face-off versus Ryan Kesler in Flames zone.
10:17 of 2nd period - Shot by Ryan Suter.
10:17 of 2nd period - Stopped by Jonathan Quick without a rebound.
10:18 of 2nd period - John Tavares wins face-off versus Ryan Kesler in Flames zone.
10:41 of 2nd period - Shot by Jacob Trouba.
10:41 of 2nd period - Goal by Jacob Trouba - Penguins : 5 - Flames : 4.
10:42 of 2nd period - Jeff Carter wins face-off versus Anze Kopitar in neutral zone.
10:45 of 2nd period - Shot by Mark Giordano.
10:45 of 2nd period - Stopped by Jonathan Quick without a rebound.
10:46 of 2nd period - Anze Kopitar wins face-off versus Ryan Getzlaf in Flames zone.
11:14 of 2nd period - Shot by David Perron.
11:14 of 2nd period - Stopped by Jonathan Quick without a rebound.
11:15 of 2nd period - John Tavares wins face-off versus Ryan Kesler in Flames zone.
11:32 of 2nd period - Shot by Jacob Trouba.
11:32 of 2nd period - Shot Misses the Net.
11:36 of 2nd period - Shot by Gabriel Landeskog.
11:36 of 2nd period - Shot Blocked by Mike Cammalleri.
11:38 of 2nd period - Shot by Gabriel Landeskog.
11:38 of 2nd period - Goal by Gabriel Landeskog - Penguins : 6 - Flames : 4.
11:38 of 2nd period - Evgeni Nabokov enters game.
11:39 of 2nd period - Ryan Kesler wins face-off versus Ryan Getzlaf in neutral zone.
12:04 of 2nd period - Shot by Ryan Getzlaf.
12:04 of 2nd period - Shot Misses the Net.
12:06 of 2nd period - Shot by Ryan Suter.
12:06 of 2nd period - Stopped by Evgeni Nabokov without a rebound.
12:07 of 2nd period - Kyle Clifford wins face-off versus John Tavares in Flames zone.
12:07 of 2nd period - Kyle Clifford is hit by Gabriel Landeskog.
12:16 of 2nd period - Gabriel Landeskog is hit by Jack Johnson and loses puck.
12:21 of 2nd period - Shot by Pierre-Alexandr Parenteau.
12:21 of 2nd period - Shot Blocked by Jack Johnson.
12:23 of 2nd period - Shot by Gabriel Landeskog.
12:23 of 2nd period - Stopped by Evgeni Nabokov without a rebound.
12:24 of 2nd period - Ryan Getzlaf wins face-off versus Anze Kopitar in Flames zone.
12:33 of 2nd period - Shot by Ryan Suter.
12:33 of 2nd period - Deflect By Ryan Getzlaf.
12:33 of 2nd period - Shot Misses the Net.
12:37 of 2nd period - Shot by David Perron.
12:37 of 2nd period - Stopped by Evgeni Nabokov without a rebound.
12:38 of 2nd period - John Tavares wins face-off versus Tomas Kopecky in Flames zone.
12:47 of 2nd period - Shot by Gabriel Landeskog.
12:47 of 2nd period - Deflect By Pierre-Alexandr Parenteau.
12:47 of 2nd period - Stopped by Evgeni Nabokov with a rebound.
13:45 of 2nd period - Mark Giordano is hit by Drew Shore and loses puck.
13:50 of 2nd period - Shot by Mike Cammalleri.
13:50 of 2nd period - Deflect By Anze Kopitar.
13:50 of 2nd period - Shot Blocked by Mark Giordano.
14:07 of 2nd period - Icing by Mark Giordano.
14:08 of 2nd period - Patrik Elias wins face-off versus Ryan Getzlaf in Penguins zone.
14:17 of 2nd period - Shot by Patrik Elias.
14:17 of 2nd period - Stopped by Darcy Kuemper without a rebound.
14:18 of 2nd period - Anze Kopitar wins face-off versus Tomas Hertl in Penguins zone.
14:43 of 2nd period - Shot by Tomas Hertl.
14:43 of 2nd period - Shot Blocked by Jared Spurgeon.
14:45 of 2nd period - Shot by Brandon Saad.
14:45 of 2nd period - Goal by Brandon Saad - Penguins : 7 - Flames : 4.
14:46 of 2nd period - Patrik Elias wins face-off versus John Tavares in neutral zone.
15:00 of 2nd period - Icing by Gabriel Landeskog.
15:01 of 2nd period - Ryan Kesler wins face-off versus John Tavares in Penguins zone.
15:10 of 2nd period - Shot by John Tavares.
15:10 of 2nd period - Shot Misses the Net.
15:12 of 2nd period - Shot by Stephane Robidas.
15:12 of 2nd period - Shot Blocked by Jared Spurgeon.
15:30 of 2nd period - Shot by Gabriel Landeskog.
15:30 of 2nd period - Stopped by Evgeni Nabokov without a rebound.
15:31 of 2nd period - Ryan Getzlaf wins face-off versus Mike Cammalleri in Flames zone.
16:56 of 2nd period - Shot by Brandon Saad.
16:56 of 2nd period - Shot Misses the Net.
16:58 of 2nd period - Shot by Jacob Trouba.
16:58 of 2nd period - Shot Misses the Net.
17:00 of 2nd period - Shot by Brendan Gallagher.
17:00 of 2nd period - Deflect By Brandon Saad.
17:00 of 2nd period - Shot Misses the Net.
17:02 of 2nd period - Shot by Brandon Saad.
17:02 of 2nd period - Deflect By Tomas Hertl.
17:02 of 2nd period - Stopped by Evgeni Nabokov without a rebound.
17:03 of 2nd period - Patrik Elias wins face-off versus John Tavares in Flames zone.
18:34 of 2nd period - Shot by Ryan Getzlaf.
18:34 of 2nd period - Shot Hit the Post.
18:36 of 2nd period - Shot by Ryan Getzlaf.
18:36 of 2nd period - Shot Misses the Net.
18:38 of 2nd period - Shot by Mark Giordano.
18:38 of 2nd period - Stopped by Evgeni Nabokov with a rebound.
18:51 of 2nd period - Icing by Ryan Suter.
18:52 of 2nd period - Ryan Getzlaf wins face-off versus Anze Kopitar in Penguins zone.
18:59 of 2nd period - Shot by Ryan Getzlaf.
18:59 of 2nd period - Shot Misses the Net.
19:16 of 2nd period - Mike Cammalleri is hit by Stephane Robidas and loses puck.
19:29 of 2nd period - Shot by Tomas Hertl.
19:29 of 2nd period - Stopped by Evgeni Nabokov without a rebound.
19:30 of 2nd period - Patrik Elias wins face-off versus John Tavares in Flames zone.
Goals for this period are 5 for Penguins vs 0 for Flames.
Shots for this period are 21 for Penguins vs 5 for Flames.

3rd period


0:01 of 3rd period - Anze Kopitar wins face-off versus John Tavares in neutral zone.
0:28 of 3rd period - Shot by Anze Kopitar.
0:28 of 3rd period - Shot Misses the Net.
0:44 of 3rd period - Shot by Mike Cammalleri.
0:44 of 3rd period - Shot Misses the Net.
0:46 of 3rd period - Shot by Erik Johnson.
0:46 of 3rd period - Shot Misses the Net.
1:01 of 3rd period - Tomas Kopecky is hit by Mark Giordano and loses puck.
1:30 of 3rd period - Shot by Ryan Kesler.
1:30 of 3rd period - Stopped by Darcy Kuemper with a rebound.
1:33 of 3rd period - Minor Penalty to Mark Giordano for Interference.
1:34 of 3rd period - Anze Kopitar wins face-off versus Ryan Getzlaf in Penguins zone.
1:37 of 3rd period - Shot by Erik Johnson.
1:37 of 3rd period - Stopped by Darcy Kuemper with a rebound.
1:39 of 3rd period - Shot by Mike Cammalleri.
1:39 of 3rd period - Deflect By Anze Kopitar.
1:39 of 3rd period - Shot Blocked by Ryan Getzlaf.
1:41 of 3rd period - Shot by Brett Bulmer.
1:41 of 3rd period - Deflect By Mike Cammalleri.
1:41 of 3rd period - Stopped by Darcy Kuemper without a rebound.
1:42 of 3rd period - Anze Kopitar wins face-off versus Ryan Getzlaf in Penguins zone.
2:51 of 3rd period - Shot by Patrik Elias.
2:51 of 3rd period - Shot Misses the Net.
3:02 of 3rd period - Shot by Jared Spurgeon.
3:02 of 3rd period - Shot Blocked by Ryan Suter.
4:06 of 3rd period - Major Penalty to Michael Grabner for Kneeing.
4:07 of 3rd period - John Tavares wins face-off versus Anze Kopitar in Penguins zone.
4:20 of 3rd period - Shot by Justin Faulk.
4:20 of 3rd period - Shot Misses the Net.
4:36 of 3rd period - Shot by Jared Spurgeon.
4:36 of 3rd period - Shot Blocked by Stephane Robidas.
4:49 of 3rd period - Icing by Tomas Kopecky.
4:50 of 3rd period - Ryan Kesler wins face-off versus John Tavares in Flames zone.
5:01 of 3rd period - Shot by Tomas Kopecky.
5:01 of 3rd period - Shot Misses the Net.
5:03 of 3rd period - Shot by Ryan Kesler.
5:03 of 3rd period - Shot Misses the Net.
5:05 of 3rd period - Shot by Tomas Kopecky.
5:05 of 3rd period - Stopped by Darcy Kuemper without a rebound.
5:06 of 3rd period - Ryan Getzlaf wins face-off versus Ryan Kesler in Penguins zone.
5:34 of 3rd period - Shot by Erik Johnson.
5:34 of 3rd period - Shot Blocked by Jacob Trouba.
5:36 of 3rd period - Shot by Jack Johnson.
5:36 of 3rd period - Stopped by Darcy Kuemper without a rebound.
5:37 of 3rd period - Anze Kopitar wins face-off versus John Tavares in Penguins zone.
5:44 of 3rd period - Shot by Anze Kopitar.
5:44 of 3rd period - Shot Misses the Net.
5:46 of 3rd period - Shot by Justin Faulk.
5:46 of 3rd period - Shot Blocked by John Tavares.
5:48 of 3rd period - Shot by Mike Cammalleri.
5:48 of 3rd period - Stopped by Darcy Kuemper without a rebound.
5:49 of 3rd period - Anze Kopitar wins face-off versus Ryan Getzlaf in Penguins zone.
6:05 of 3rd period - Shot by Anze Kopitar.
6:05 of 3rd period - Stopped by Darcy Kuemper with a rebound.
6:14 of 3rd period - Icing by Justin Faulk.
6:15 of 3rd period - John Tavares wins face-off versus Anze Kopitar in Flames zone.
6:46 of 3rd period - Shot by Ryan Getzlaf.
6:46 of 3rd period - Stopped by Evgeni Nabokov without a rebound.
6:47 of 3rd period - Ryan Kesler wins face-off versus John Tavares in Flames zone.
8:28 of 3rd period - Shot by Ryan Getzlaf.
8:28 of 3rd period - Shot Misses the Net.
8:54 of 3rd period - Shot by Gabriel Landeskog.
8:54 of 3rd period - Stopped by Evgeni Nabokov without a rebound.
8:55 of 3rd period - John Tavares wins face-off versus Ryan Kesler in Flames zone.
9:15 of 3rd period - Michael Bournival is hit by Ed Jovanovski.
9:19 of 3rd period - Shot by Patrik Elias.
9:19 of 3rd period - Shot Blocked by Ed Jovanovski.
9:34 of 3rd period - Shot by Jeff Carter.
9:34 of 3rd period - Stopped by Evgeni Nabokov without a rebound.
9:35 of 3rd period - Ryan Kesler wins face-off versus Tomas Hertl in Flames zone.
9:35 of 3rd period - Erik Johnson is hit by Brendan Gallagher and loses puck.
10:36 of 3rd period - Icing by Ryan Suter.
10:37 of 3rd period - John Tavares wins face-off versus Patrik Elias in Penguins zone.
11:14 of 3rd period - Shot by Patrik Elias.
11:14 of 3rd period - Stopped by Darcy Kuemper without a rebound.
11:15 of 3rd period - Ryan Getzlaf wins face-off versus Drew Shore in Penguins zone.
11:15 of 3rd period - Ryan Getzlaf is hit by Drew Shore.
11:39 of 3rd period - Minor Penalty to Mike Cammalleri for Holding.
11:40 of 3rd period - Ryan Getzlaf wins face-off versus Ryan Kesler in Flames zone.
12:10 of 3rd period - Shot by Jacob Trouba.
12:10 of 3rd period - Stopped by Evgeni Nabokov without a rebound.
12:11 of 3rd period - Anze Kopitar wins face-off versus John Tavares in Flames zone.
12:31 of 3rd period - Shot by Anze Kopitar.
12:31 of 3rd period - Stopped by Darcy Kuemper without a rebound.
12:32 of 3rd period - Pierre-Alexandr Parenteau wins face-off versus Anze Kopitar in Penguins zone.
12:47 of 3rd period - Shot by Ryan Suter.
12:47 of 3rd period - Stopped by Evgeni Nabokov without a rebound.
12:48 of 3rd period - Ryan Kesler wins face-off versus Ryan Getzlaf in Flames zone.
13:33 of 3rd period - Shot by Ryan Kesler.
13:33 of 3rd period - Shot Misses the Net.
13:36 of 3rd period - Icing by Stephane Robidas.
13:37 of 3rd period - Ryan Getzlaf wins face-off versus Anze Kopitar in Penguins zone.
13:46 of 3rd period - Shot by John Tavares.
13:46 of 3rd period - Stopped by Evgeni Nabokov with a rebound.
13:50 of 3rd period - Shot by John Tavares.
13:50 of 3rd period - Stopped by Evgeni Nabokov without a rebound.
13:51 of 3rd period - Brandon Saad wins face-off versus Ryan Kesler in Flames zone.
14:25 of 3rd period - Brandon Saad is hit by Erik Johnson and loses puck.
14:31 of 3rd period - Minor Penalty to Jack Johnson for Hooking.
14:32 of 3rd period - Anze Kopitar wins face-off versus Ryan Getzlaf in Flames zone.
14:41 of 3rd period - Jared Spurgeon is hit by Jeff Carter and loses puck.
14:52 of 3rd period - Shot by Jeff Carter.
14:52 of 3rd period - Shot Misses the Net.
14:54 of 3rd period - Shot by Jacob Trouba.
14:54 of 3rd period - Stopped by Evgeni Nabokov without a rebound.
14:55 of 3rd period - Ryan Kesler wins face-off versus John Tavares in Flames zone.
14:55 of 3rd period - Ryan Kesler is hit by Gabriel Landeskog.
15:55 of 3rd period - Shot by Stephane Robidas.
15:55 of 3rd period - Shot Misses the Net.
15:57 of 3rd period - Shot by David Perron.
15:57 of 3rd period - Deflect By Ryan Getzlaf.
15:57 of 3rd period - Shot Misses the Net.
16:12 of 3rd period - Shot by Ryan Getzlaf.
16:12 of 3rd period - Stopped by Evgeni Nabokov without a rebound.
16:13 of 3rd period - Ryan Getzlaf wins face-off versus Anze Kopitar in Flames zone.
16:18 of 3rd period - Shot by David Perron.
16:18 of 3rd period - Shot Hit the Post.
16:20 of 3rd period - Shot by Mark Giordano.
16:20 of 3rd period - Shot Misses the Net.
16:22 of 3rd period - Shot by Mark Giordano.
16:22 of 3rd period - Stopped by Evgeni Nabokov with a rebound.
16:28 of 3rd period - Shot by Ryan Getzlaf.
16:28 of 3rd period - Stopped by Evgeni Nabokov with a rebound.
16:30 of 3rd period - Shot by Ryan Suter.
16:30 of 3rd period - Shot Misses the Net.
16:34 of 3rd period - Shot by Brendan Gallagher.
16:34 of 3rd period - Shot Misses the Net.
16:36 of 3rd period - Shot by Tomas Hertl.
16:36 of 3rd period - Shot Misses the Net.
16:38 of 3rd period - Shot by Brandon Saad.
16:38 of 3rd period - Shot Misses the Net.
16:40 of 3rd period - Shot by Brendan Gallagher.
16:40 of 3rd period - Stopped by Evgeni Nabokov with a rebound.
16:42 of 3rd period - Shot by Brendan Gallagher.
16:42 of 3rd period - Stopped by Evgeni Nabokov without a rebound.
16:43 of 3rd period - Kyle Clifford wins face-off versus John Tavares in Flames zone.
17:12 of 3rd period - Shot by Ryan Kesler.
17:12 of 3rd period - Shot Misses the Net.
17:22 of 3rd period - Shot by Pierre-Alexandr Parenteau.
17:22 of 3rd period - Stopped by Evgeni Nabokov without a rebound.
17:23 of 3rd period - Ryan Getzlaf wins face-off versus Anze Kopitar in Flames zone.
17:23 of 3rd period - Ryan Getzlaf is hit by Jack Johnson.
17:25 of 3rd period - Shot by David Perron.
17:25 of 3rd period - Shot Misses the Net.
17:26 of 3rd period - Minor Penalty to Erik Johnson for Interference.
17:27 of 3rd period - Anze Kopitar wins face-off versus Ryan Getzlaf in Flames zone.
18:00 of 3rd period - Icing by Mark Giordano.
18:01 of 3rd period - Anze Kopitar wins face-off versus Ryan Getzlaf in Penguins zone.
18:18 of 3rd period - Shot by Jeff Carter.
18:18 of 3rd period - Stopped by Evgeni Nabokov without a rebound.
18:19 of 3rd period - Anze Kopitar wins face-off versus Pierre-Alexandr Parenteau in Flames zone.
18:19 of 3rd period - Anze Kopitar is hit by Gabriel Landeskog.
18:29 of 3rd period - Shot by Mike Cammalleri.
18:29 of 3rd period - Goal by Mike Cammalleri - Penguins : 7 - Flames : 5.
18:30 of 3rd period - John Tavares wins face-off versus Anze Kopitar in neutral zone.
19:26 of 3rd period - Off-side.
19:27 of 3rd period - David Perron wins face-off versus Patrik Elias in neutral zone.
19:35 of 3rd period - David Perron is hit by Jared Spurgeon and loses puck.
19:41 of 3rd period - Ryan Getzlaf is hit by Justin Faulk and loses puck.
19:56 of 3rd period - Shot by David Perron.
19:56 of 3rd period - Stopped by Evgeni Nabokov with a rebound.
Goals for this period are 0 for Penguins vs 1 for Flames.
Shots for this period are 16 for Penguins vs 10 for Flames.


Output by the SimonT Hockey Simulator (STHS) for Stephane Roy -- Original Page W3C XHTML 1.0 Valid
Hockey Simulator - Hockey Simulation - Hockey Manager